 Dungeon Crawl Stone Soup version 0.21.0-24-g2553a3340b (webtiles) character file.

22502 Pixllover the Severer (level 12, -18/165 HPs)
             Began as a Minotaur Berserker on Jan 20, 2018.
             Was a High Priest of Trog.
             Killed from afar by Snorg (19 damage)
             ... with an exploding inner flame
             ... hexed by the player character
             ... on level 3 of the Lair of Beasts.
             The game lasted 00:42:16 (11097 turns).

Pixllover the Severer (Minotaur Berserker)         Turns: 11097, Time: 00:42:18

Health: -18/165    AC: 20    Str: 32    XL:     12   Next: 63%
Magic:  11/11      EV: 11    Int:  8    God:    Trog [*****.]
Gold:   625        SH:  6    Dex: 10    Spells: 11/11 levels left

rFire    . . .     SeeInvis .   d - +9 broad axe (freeze)
rCold    x . .     Gourm    .   (no shield)
rNeg     + + +     Faith    .   b - +3 plate armour {rPois}
rPois    +         Spirit   .   (helmet unavailable)
rElec    +         Reflect  +   h - scarf {repulsion}
rCorr    +         Harm     .   (no gloves)
MR       .....                  e - +1 pair of boots of Qoschyiq {rN+ rCorr Slay+2}
Stlth    ..........             q - amulet "Heumm" {Reflect rElec rC- rN++ Int+4 SH+6}
HPRegen  0.37/turn              v - ring of resist corrosion
MPRegen  0.12/turn              y - ring of Shadows {Umbra +Inv Stlth+}

@: berserking, wreathed by umbra, repel missiles, very quick
A: retaliatory headbutt, horns 3, mutation resistance 1, screaming 1
a: Berserk, Trog's Hand, Brothers in Arms, Burn Spellbooks, Renounce Religion,
Evoke Invisibility


You were on level 3 of the Lair of Beasts.
You worshipped Trog.
Trog was extremely pleased with you.
You were not hungry.

You visited 2 branches of the dungeon, and saw 13 of its levels.
You also visited: Sewer.

You collected 745 gold pieces.
You spent 120 gold pieces at shops.

Inventory:

Hand Weapons
 d - a +9 broad axe of freezing (weapon)
 G - a +4 antimagic quarterstaff
 J - the +5 war axe "Demonbane" {chop, rC+ Str+2}
   (You found it on level 1 of the Lair of Beasts)

   It inflicts extra damage upon your enemies.
   It affects your strength (+2).
   It protects you from cold.
Missiles
 D - 5 tomahawks of returning (quivered)
 E - 3 exploding tomahawks
Armour
 b - a +3 plate armour of poison resistance (worn)
 e - the +1 pair of boots of Qoschyiq (worn) {rN+ rCorr Slay+2}
   (You acquired it on level 8 of the Dungeon)

   It affects your accuracy and damage with ranged weapons and melee attacks
   (+2).
   It protects you from negative energy.
   It protects you from acid and corrosion.
 h - a scarf of repulsion (worn)
 p - a +1 hat
Jewellery
 k - a +2 amulet of reflection
 q - the amulet "Heumm" (around neck) {Reflect rElec rC- rN++ Int+4 SH+6}
   (You acquired it on level 8 of the Dungeon)

   [amulet of reflection]

   It shields you and reflects attacks.
   It affects your intelligence (+4).
   It makes you vulnerable to cold.
   It insulates you from electricity.
   It greatly protects you from negative energy.
   It affects your SH (+6).
 v - a ring of resist corrosion (left hand)
 y - the ring of Shadows (right hand) {Umbra +Inv Stlth+}
   (You found it on level 10 of the Dungeon)

   [ring of stealth]

   It lets you turn invisible.
   It makes you more stealthy.
Wands
 a - a wand of scattershot (4)
 o - a wand of iceblast (17)
 s - a wand of polymorph (22)
Scrolls
 g - 10 scrolls of teleportation
 i - 5 scrolls of identify
 m - 5 scrolls of remove curse
 w - 2 scrolls of magic mapping
 B - a scroll of fog
 F - a scroll of blinking
 H - a scroll of enchant armour
Potions
 f - 7 potions of curing
 j - 7 potions of heal wounds
 n - 3 potions of haste
 r - 4 potions of flight
 t - a potion of resistance
 u - a potion of ambrosia
 x - a potion of mutation
 z - 4 potions of agility {unknown}
 I - 2 potions of invisibility {unknown}
Miscellaneous
 C - a sack of spiders
Comestibles
 c - 36 rations
 l - 13 chunks of flesh


   Skills:
 + Level 11.1 Fighting
   Level 9.7 Long Blades
 + Level 15.5 Axes
 + Level 11.6 Armour
 + Level 6.7 Dodging
 + Level 2.0 Stealth
 + Level 1.1 Unarmed Combat


You had 11 spell levels left.
You didn't know any spells.

Dungeon Overview and Level Annotations

Branches:
Dungeon (10/15)            Temple (0/1) D:5            Lair (3/6) D:10
  Swamp (0/4) Lair:2       Spider (0/4) Lair:3          Orc (0/2) D:10

Altars:
Ashenzari
Cheibriados
Dithmenos
Elyvilon
Fedhas
Gozag
Okawaru
Ru
Trog
Vehumet
Wu Jian
Xom
Zin

Shops:
D:7 %


Innate Abilities, Weirdness & Mutations

You reflexively headbutt those who attack you in melee.
You have a pair of large horns on your head.
You are somewhat resistant to further mutation.
You occasionally shout uncontrollably at your foes.


Message History

* * * LOW HITPOINT WARNING * * *
Snorg barely misses you. Snorg completely misses you.
The bullfrog hits you but does no damage.
Snorg bites you but does no damage. Snorg claws you.
* * * LOW HITPOINT WARNING * * *
You block Snorg's attack.
You slash Snorg! You freeze Snorg.
Snorg is severely wounded.
You slice the bullfrog!!
The bullfrog seems to slow down.
You freeze the bullfrog.
You feel the power of Trog in you as your rage grows.
The bullfrog explodes!
The fiery explosion engulfs you!
* * * LOW HITPOINT WARNING * * *
The fiery explosion engulfs the komodo dragon.
The komodo dragon is heavily wounded.
The fiery explosion engulfs Snorg.
Snorg explodes!
The fiery explosion engulfs you!
You die...

##.♣.##............######......#.
#......^...............#......<..
#♣.>..+.♣.<.♣..♣...#....#........
#.....#............+..........#.#
##.♣.##............#.........####
.#.#.##...♣..####.#.........#####
.......#........###.........#.##.
.........#......§§§..F.....>.....
.........#....♣.@§l.F............
................§§#......###.#P#.
...........##...§§§......########
............##....#.......## #
.................#.......#.# #
.........................### #
.........................### ####
...........................###.##
......................#..........


You could see a komodo dragon (inner flame) and 2 blink frogs.

Vanquished Creatures
  Rupert (Lair:3)
  2 hydras
  A two-headed ogre (D:8)
  Nergalle (Lair:1)
  Pikel (D:5)
  11 elephants (Lair:3)
  4 spiny frogs
  2 komodo dragons
  A troll (D:9)
  Grinder (D:4)
  A hippogriff (D:9)
  The ghost of Liquorice the Cutter, an amateur HaAK of Lugonu (D:4)
  Sigmund (D:5)
  4 redbacks (Lair:3)
  28 yaks
  A wyvern (Lair:3)
  A hungry ghost (D:7)
  8 water moccasins
  4 porcupines
  3 black bears
  4 orc warriors
  3 phantoms
  An eye of draining (D:9)
  4 ogres
  5 wolves (Lair:2)
  2 centaurs (D:6)
  2 crocodiles (Lair:1)
  A big kobold (Sewer)
  Blork the orc (D:5)
  11 bullfrogs
  2 wyvern zombies
  A wyvern skeleton (D:9)
  4 scorpions
  5 wights (D:6)
  3 electric eels (Lair:2)
  3 howler monkeys
  3 crimson imps
  6 bullfrog zombies
  A quasit (D:7)
  A centaur skeleton (D:9)
  5 jellies
  3 orc priests (D:10)
  2 hounds
  4 orc wizards
  A bullfrog skeleton (D:4)
  2 iguanas
  Ijyb (D:4)
  5 worker ants
  7 gnolls
  2 howler monkey skeletons (D:8)
  12 adders
  2 shadow imps
  An ooze (D:2)
  An adder skeleton (D:7)
  2 worms
  A dart slug (D:5)
  8 leopard geckos
  49 orcs
  3 giant cockroaches
  6 goblins
  4 hobgoblins
  15 jackals
  2 quokkas
  4 ball pythons (D:2)
  2 bats (D:5)
  13 frilled lizards
  9 kobolds
  A quokka skeleton (D:4)
  11 rats
  2 fungi
  A plant (Lair:2)
321 creatures vanquished.

Vanquished Creatures (others)
  2 fungi
  2 plants (Lair:2)
4 creatures vanquished.

Grand Total: 325 creatures vanquished

Notes
Turn   | Place    | Note
-------+----------+-------------------------------------------
     0 | D:1      | Pixllover the Minotaur Berserker began the quest for the Orb.
     0 | D:1      | Reached XP level 1. HP: 19/19 MP: 0/0
   259 | D:1      | Reached XP level 2. HP: 19/27 MP: 1/1
   264 | D:1      | Reached skill level 4 in Axes
   795 | D:2      | Reached XP level 3. HP: 29/33 MP: 2/2
   895 | D:2      | Reached ** piety under Trog
  1170 | D:2      | Reached XP level 4. HP: 31/41 MP: 3/3
  1319 | D:2      | Found a shimmering altar of Xom.
  1323 | D:2      | Found a radiant altar of Vehumet.
  1323 | D:2      | Found a radiant altar of Vehumet.
  1325 | D:2      | Found a glowing golden altar of the Shining One.
  1325 | D:2      | Found an ancient bone altar of Kikubaaqudgha.
  1325 | D:2      | Found a shimmering altar of Xom.
  1408 | D:3      | Found a snail-covered altar of Cheibriados.
  1538 | D:3      | Reached skill level 5 in Axes
  1696 | D:3      | Found an opulent altar of Gozag.
  2027 | D:4      | Noticed Grinder
  2030 | D:4      | Reached XP level 5. HP: 36/47 MP: 4/4
  2046 | D:4      | Killed Grinder
  2046 | D:4      | Reached skill level 5 in Fighting
  2046 | D:4      | Reached skill level 6 in Axes
  2046 | D:4      | Reached XP level 6. HP: 49/56 MP: 5/5
  2166 | D:4      | Noticed Ijyb
  2179 | D:4      | Killed Ijyb
  2249 | D:4      | Reached XP level 7. HP: 20/61 MP: 6/6
  2315 | D:4      | Found a glowing drain.
  2320 | Sewer    | Entered a sewer
  2460 | Sewer    | Reached skill level 5 in Dodging
  2485 | Sewer    | Found a white marble altar of Elyvilon.
  2662 | D:4      | Noticed Liquorice's ghost (amateur HaAK)
  2671 | D:4      | Killed Liquorice's ghost
  2671 | D:4      | Reached skill level 7 in Axes
  2671 | D:4      | Reached skill level 1 in Stealth
  2781 | D:4      | Reached *** piety under Trog
  3035 | D:5      | Entered Level 5 of the Dungeon
  3065 | D:5      | Got a faintly glowing long sword
  3066 | D:5      | Identified the +5 long sword "Kixtumn" {slice, Dex+4} (You found it on level 5 of the Dungeon)
  3244 | D:5      | Reached XP level 8. HP: 69/70 MP: 7/7
  3251 | D:5      | Reached skill level 1 in Unarmed Combat
  3286 | D:5      | Noticed Blork the orc
  3295 | D:5      | Killed Blork the orc
  3295 | D:5      | Reached skill level 1 in Long Blades
  3486 | D:5      | Found a staircase to the Ecumenical Temple.
  3487 | D:5      | Noticed Pikel
  3532 | D:5      | Killed Pikel
  3532 | D:5      | Reached skill level 5 in Armour
  3709 | D:5      | Noticed Sigmund
  3716 | D:5      | Killed Sigmund
  3858 | D:5      | Found a sacrificial altar of Ru.
  4069 | D:6      | Reached skill level 5 in Long Blades
  4073 | D:6      | Reached XP level 9. HP: 49/78 MP: 8/8
  4448 | D:6      | Reached **** piety under Trog
  4858 | D:6      | Found an iron altar of Okawaru.
  5064 | D:7      | Found a shadowy altar of Dithmenos.
  5275 | D:7      | Found Koeblaol's Food Shop.
  5292 | D:7      | Bought a ration for 60 gold pieces
  5292 | D:7      | Bought a ration for 60 gold pieces
  5524 | D:7      | Found a blossoming altar of Fedhas.
  5691 | D:8      | Got a jacinth-encrusted leather armour
  5702 | D:8      | Identified the cursed +1 leather armour of Gehenna {rF+} (You found it on level 8 of the Dungeon)
  5702 | D:8      | Identified 3 scrolls of acquirement
  5703 | D:8      | Got a shimmering sapphire amulet
  5723 | D:8      | Gained mutation: You occasionally shout uncontrollably at your foes. [potion of mutation]
  5723 | D:8      | Gained mutation: You have a pair of large horns on your head. [potion of mutation]
  5723 | D:8      | Gained mutation: You are somewhat resistant to further mutation. [potion of mutation]
  5728 | D:8      | Got a pair of translucent boots
  5734 | D:8      | Identified the +1 pair of boots of Qoschyiq {rN+ rCorr Slay+2} (You acquired it on level 8 of the Dungeon)
  5734 | D:8      | Identified the amulet "Heumm" {Reflect rElec rC- rN++ Int+4 SH+6} (You acquired it on level 8 of the Dungeon)
  5773 | D:8      | Found a bloodstained altar of Trog.
  5781 | D:8      | Noticed a two-headed ogre
  5788 | D:8      | Killed a two-headed ogre
  5788 | D:8      | Reached XP level 10. HP: 48/88 MP: 9/9
  6010 | D:8      | Reached skill level 8 in Axes
  6257 | D:8      | Found a sacrificial altar of Ru.
  6257 | D:8      | Found a radiant altar of Vehumet.
  6265 | D:8      | Found a shattered altar of Ashenzari.
  6268 | D:8      | Found a glowing silver altar of Zin.
  6270 | D:8      | Found an ornate altar of the Wu Jian Council.
  6515 | D:9      | Found a white marble altar of Elyvilon.
  6753 | D:9      | Reached ***** piety under Trog
  7156 | D:10     | Entered Level 10 of the Dungeon
  7169 | D:10     | Found the ring of Shadows {Umbra +Inv Stlth+}
  7257 | D:10     | Found a staircase to the Lair.
  7264 | D:10     | Reached skill level 9 in Axes
  7523 | D:10     | Found a staircase to the Orcish Mines.
  7713 | D:10     | Reached skill level 10 in Axes
  8102 | Lair:1   | Entered Level 1 of the Lair of Beasts
  8322 | Lair:1   | Noticed a spiny frog
  8331 | Lair:1   | Killed a spiny frog
  8701 | Lair:1   | Noticed Nergalle
  8709 | Lair:1   | Killed Nergalle
  8709 | Lair:1   | Reached skill level 10 in Armour
  8709 | Lair:1   | Reached XP level 11. HP: 97/97 MP: 10/10
  8718 | Lair:1   | Got a crystal war axe
  8738 | Lair:1   | Identified the +5 war axe "Demonbane" {chop, rC+ Str+2} (You found it on level 1 of the Lair of Beasts)
  9000 | Lair:2   | Reached skill level 11 in Axes
  9283 | Lair:2   | Reached skill level 12 in Axes
  9493 | Lair:2   | Found a staircase to the Swamp.
  9860 | Lair:2   | Noticed a seven-headed hydra
  9866 | Lair:2   | Killed a nine-headed hydra
 10105 | Lair:3   | Received a gift from Trog
 10110 | Lair:3   | Reached skill level 13 in Axes
 10113 | Lair:3   | Reached skill level 10 in Fighting
 10154 | Lair:3   | Noticed a seven-headed hydra
 10159 | Lair:3   | Killed a nine-headed hydra
 10159 | Lair:3   | Reached XP level 12. HP: 82/107 MP: 11/11
 10262 | Lair:3   | Found a hole to the Spider Nest.
 10282 | Lair:3   | Reached skill level 14 in Axes
 10433 | Lair:3   | Noticed Rupert
 10444 | Lair:3   | Killed Rupert
 10444 | Lair:3   | Reached skill level 15 in Axes
 11069 | Lair:3   | Noticed Snorg
 11097 | Lair:3   | HP: 1/165 [bullfrog/exploding inner flame[the player character] (24)]
 11097 | Lair:3   | Killed Snorg
 11097 | Lair:3   | Killed from afar by Snorg

Skill      XL: |  1  2  3  4  5  6  7  8  9 10 11 12 |
---------------+-------------------------------------+-----
Fighting       | 4 5 6 7 9 10 11 | 11.1
Axes           | 4 5 6 7 10 13 15 | 15.5
Dodging        | 3 4 5 6 |  6.7
Armour         | 3 4 6 8 10 11 | 11.6
Stealth        | 1 2 |  2.0
Unarmed Combat | 1 |  1.1
Long Blades    | 5 9 |  9.7

Action                   |  1- 3 |  4- 6 |  7- 9 | 10-12 || total
-------------------------+-------+-------+-------+-------++-------
Melee: Hand axe          |    86 |    68 |    56 |       ||   210
       Headbutt          |    11 |    13 |    47 |    81 ||   152
       Unarmed           |       |     8 |       |       ||     8
       Long sword        |       |       |   170 |       ||   170
       Punch             |       |       |     3 |     3 ||     6
       Broad axe         |       |       |     9 |   237 ||   246
       War axe           |       |       |       |    90 ||    90
Invok: Berserk           |       |     2 |       |     4 ||     6
       Burn Spellbooks   |       |       |       |     4 ||     4
  Use: Scroll            |       |     2 |    16 |    14 ||    32
       Potion            |       |       |     8 |     2 ||    10
 Stab: Sleeping          |       |       |     1 |       ||     1
       Paralysed         |       |       |     1 |       ||     1
  Eat: Chunk             |     1 |     3 |     9 |     7 ||    20
       Ration            |       |     1 |     1 |     4 ||     6
Armor: Leather armour    |    21 |    13 |     8 |       ||    42
       Skin              |       |     2 |       |       ||     2
       Plate armour      |       |       |   138 |   183 ||   321
Dodge: Dodged            |    66 |    73 |   181 |   190 ||   510
       Deflected         |       |       |       |     5 ||     5
Block: Other             |       |       |     4 |    99 ||   103
       Reflection        |       |       |       |     2 ||     2
       Rpst.: Long sword |       |       |    32 |       ||    32
